[Event "Titled Tuesday Blitz June 6 Early 2023"]
[White "Spichkin, Alexander"]
[Black "Xu, Daniel"]
[WhiteFideId "4144074"]
[BlackFideId "2627345"]
[WhiteElo "1986"]
[BlackElo "1980"]
[Result "1-0"]
[Round "6"]
[TimeControl "180+2"]
[Date "2023.06.06"]
[WhiteClock "0:01:16"]
[BlackClock "0:00:02"]
[Board "132"]

1. f4 Nf6 2. Nf3 g6 3. d3 Bg7 4. e4 d6 5. Be2 O-O 6. O-O c5 7. Nc3 Nc6 8. Qe1 Rb8 9. a4 Nb4 10. Bd1 d5 11. Qh4 dxe4 12. dxe4 h6 13. f5 g5 14. Bxg5 hxg5 15. Nxg5 Qd4+ 16. Kh1 Rd8 17. Bh5 Nxh5 18. Qxh5 Qf6 19. e5 Qh6 20. Qxf7+ Kh8 21. Qxe7 Nc6 22. Nf7+ Kh7 23. Qxd8 Nxd8 24. Nxh6 Bxh6 25. e6 Nc6 26. Rad1 Nd4 27. Nb5 Nxe6 28. fxe6 Bxe6 29. Rf6 Bg8 30. Rd7+ Bg7 31. Nd6 Rd8 32. Rxd8 Bxf6 33. Rd7+ Kg6 34. Rxb7 1-0


[Site "https://www.chess.com"]

[Event "Titled Tuesday Blitz June 6 Early 2023"]
[White "Vyatkin, Dmitry"]
[Black "Vaglio Munoz, Jaime"]
[WhiteFideId "4171900"]
[BlackFideId "6500145"]
[WhiteElo "2279"]
[BlackElo "2199"]
[Result "0-1"]
[Round "6"]
[TimeControl "180+2"]
[Date "2023.06.06"]
[WhiteClock "0:01:52"]
[BlackClock "0:02:20"]
[Board "133"]

1. d4 c6 2. c4 b5 3. e4 bxc4 4. Bxc4 d5 5. exd5 cxd5 6. Bd3 Nf6 7. h3 Qa5+ 8. Nc3 Ba6 9. Nf3 e6 10. O-O Be7 11. a3 Bxd3 12. Qxd3 O-O 13. b4 Bxb4 14. axb4 Qxa1 15. Bg5 Qa6 16. b5 Qd6 17. Bxf6 gxf6 18. Qe3 Kh8 19. Ne2 Nd7 20. Nf4 Rg8 21. Nh5 a6 0-1


[Site "https://www.chess.com"]

[Event "Titled Tuesday Blitz June 6 Early 2023"]
[White "Turzo, Attila"]
[Black "Putri, Regita Desyari"]
[WhiteFideId "704954"]
[BlackFideId "7109083"]
[WhiteElo "2481"]
[BlackElo "1930"]
[Result "1-0"]
[Round "6"]
[TimeControl "180+2"]
[Date "2023.06.06"]
[WhiteClock "0:01:20"]
[BlackClock "0:00:03"]
[Board "134"]

1. d4 Nf6 2. c4 e6 3. g3 d5 4. Bg2 c6 5. Nf3 Be7 6. O-O O-O 7. Nbd2 b6 8. Qc2 Ba6 9. Re1 Nbd7 10. e4 dxe4 11. Nxe4 Nxe4 12. Rxe4 Rc8 13. Bf4 c5 14. d5 Nf6 15. d6 Bxd6 16. Rd1 Nxe4 17. Qxe4 Bxf4 18. Rxd8 Rfxd8 19. Qxf4 Rd1+ 20. Bf1 f6 21. Kg2 Bb7 22. Be2 Rd7 23. h4 Rcd8 24. Kh2 e5 25. Qe3 Bxf3 26. Bxf3 Rd4 27. Bd5+ Kf8 28. Qf3 a6 29. Qf5 b5 30. Qxh7 Rd2 31. Qg8+ Ke7 32. Qe6+ 1-0


[Site "https://www.chess.com"]

[Event "Titled Tuesday Blitz June 6 Early 2023"]
[White "Orujov2008"]
[Black "Todorovic, Bojan"]
[BlackFideId "917087"]
[WhiteElo "2481"]
[BlackElo "2266"]
[Result "1-0"]
[Round "6"]
[TimeControl "180+2"]
[Date "2023.06.06"]
[WhiteClock "0:01:26"]
[BlackClock "0:00:55"]
[Board "135"]

1. e4 g6 2. d4 Bg7 3. Nc3 d6 4. Nf3 a6 5. Be3 Nd7 6. h4 Ngf6 7. Bd3 e5 8. d5 Nc5 9. Qd2 O-O 10. O-O-O Nxd3+ 11. Qxd3 Bg4 12. Qd2 Bxf3 13. gxf3 Nh5 14. Bh6 Bxh6 15. Qxh6 Qf6 16. Qe3 Qf4 17. Ne2 Qxe3+ 18. fxe3 f5 19. exf5 Rxf5 20. Rdf1 Raf8 21. Rh3 Nf6 22. Ng3 Nxd5 23. Nxf5 gxf5 24. Rg3+ Kh8 25. f4 e4 26. Rfg1 Nf6 27. Rg7 Rg8 28. Rxg8+ Nxg8 29. Kd2 h6 30. Rg6 Kh7 31. Re6 Kg7 32. Re8 1-0


[Site "https://www.chess.com"]

[Event "Titled Tuesday Blitz June 6 Early 2023"]
[White "Cardozo Munar, Carlos Eduardo"]
[Black "cristianserban1"]
[WhiteFideId "4409477"]
[WhiteElo "2067"]
[BlackElo "2477"]
[Result "1-0"]
[Round "6"]
[TimeControl "180+2"]
[Date "2023.06.06"]
[WhiteClock "0:00:14"]
[BlackClock "0:00:02"]
[Board "136"]

1. d4 d6 2. c3 g6 3. Nf3 Bg7 4. e4 Nf6 5. Bd3 O-O 6. Bg5 Nc6 7. Nbd2 e5 8. h3 h6 9. Bh4 g5 10. Bg3 Nh5 11. Nxe5 Nxe5 12. Bxe5 dxe5 13. Qxh5 exd4 14. c4 f5 15. exf5 Bxf5 16. Bxf5 Rxf5 17. O-O Qf8 18. Rae1 d3 19. Re6 Qc5 20. b4 Qxb4 21. Rxh6 Qxd2 22. Qg6 Qc3 23. Qh7+ Kf8 24. Qxf5+ Kg8 25. Qe6+ Kf8 26. Qf5+ Kg8 27. Qe6+ Kf8 28. Rg6 Re8 29. Qf5+ Kg8 30. Qxg5 d2 31. Qd5+ Kh7 32. Rg4 Re1 33. Rh4+ Kg6 34. Qh5+ Kf6 35. Rf4+ Ke6 36. Qd5+ Ke7 37. Rf7+ Ke8 38. Qd7# 1-0


[Site "https://www.chess.com"]

[Event "Titled Tuesday Blitz June 6 Early 2023"]
[White "Ljukin, Sergei"]
[Black "Dubreuil, Julien"]
[WhiteFideId "14102200"]
[BlackFideId "621285"]
[WhiteElo "2312"]
[BlackElo "2280"]
[Result "1-0"]
[Round "6"]
[TimeControl "180+2"]
[Date "2023.06.06"]
[WhiteClock "0:02:04"]
[BlackClock "0:00:34"]
[Board "137"]

1. e4 e5 2. Nf3 Nc6 3. Bb5 a6 4. Ba4 Nf6 5. Qe2 b5 6. Bb3 Bc5 7. c3 O-O 8. d3 d6 9. Bg5 h6 10. Bh4 b4 11. Nbd2 bxc3 12. bxc3 Na5 13. Bc2 Rb8 14. Nf1 Bd7 15. Ne3 c6 16. O-O Kh7 17. d4 Ba3 18. dxe5 dxe5 19. Nxe5 Be8 20. N5c4 Nxc4 21. Qxc4 g5 22. Bg3 Rb2 23. e5+ Rxc2 24. Nxc2 Qd5 25. Qxd5 Nxd5 26. Nxa3 Nxc3 27. Rfe1 1-0


[Site "https://www.chess.com"]

[Event "Titled Tuesday Blitz June 6 Early 2023"]
[White "Ismayil, Malak"]
[Black "Abrosimov, Vladimir"]
[WhiteFideId "13412604"]
[BlackFideId "4166892"]
[WhiteElo "1868"]
[BlackElo "2336"]
[Result "1-0"]
[Round "6"]
[TimeControl "180+2"]
[Date "2023.06.06"]
[WhiteClock "0:00:12"]
[BlackClock "0:00:35"]
[Board "138"]

1. e4 c5 2. Nf3 d6 3. Bb5+ Bd7 4. Bxd7+ Nxd7 5. O-O Ngf6 6. Re1 e6 7. d4 cxd4 8. Nxd4 Be7 9. c4 a6 10. b3 O-O 11. Bb2 Nc5 12. Nc3 Qc7 13. Rc1 Rad8 14. Qe2 Rfe8 15. h3 Bf8 16. Red1 Rd7 17. Nf3 b6 18. Qe3 Qb7 19. Re1 Rdd8 20. Rcd1 Rd7 21. Rd4 Red8 22. Red1 Be7 23. e5 dxe5 24. Nxe5 Rxd4 25. Rxd4 Rxd4 26. Qxd4 Qc7 27. b4 Ncd7 28. Nxd7 Qxd7 29. Qxd7 Nxd7 30. a3 Kf8 31. Ne4 f6 32. Kf1 Kf7 33. Ke2 e5 34. g4 Ke6 35. Ng3 g6 36. Kd3 f5 37. f3 Bd6 38. Nf1 Nf6 39. g5 Nh5 40. Bc1 f4 41. Ke4 Ng7 42. Nh2 Nf5 43. Ng4 Ng3+ 44. Kd3 Be7 45. Bb2 e4+ 46. fxe4 Bxg5 47. Bd4 Bd8 48. Ne5 Nh5 49. Nf3 Ng3 50. Be5 g5 51. c5 bxc5 52. bxc5 Kd7 53. Nd4 h5 54. c6+ Kc8 55. Ne6 Nf1 56. Nxd8 Kxd8 57. Bf6+ Kc7 58. Bxg5 Kxc6 59. Bxf4 Kc5 60. Ke2 Kd4 61. e5 Ne3 62. Bxe3+ Kxe5 63. Kf3 Kf5 64. h4 Ke5 65. Bc5 Kd5 66. Bf8 Ke5 67. Ke3 Kf5 68. Kd4 Kg4 69. Be7 Kf5 70. Kc5 Ke6 71. Bg5 Kd7 72. Kb6 Kd6 73. Kxa6 Kc6 74. Ka5 Kc5 75. Be7+ Kc6 76. Kb4 Kb6 77. Bg5 Ka6 78. a4 Kb6 79. a5+ Ka6 80. Bd8 Kb7 81. Kb5 Kc8 82. Bg5 Kb7 83. Kc5 Ka7 84. Kd5 Ka6 85. Bd2 Kb5 86. Ke5 Kc6 87. Kf5 Kb7 88. Kg5 Kc7 89. Kxh5 Kd7 90. Kg6 Ke7 91. a6 Kd7 92. a7 Kc7 93. a8=Q Kd6 94. h5 Ke7 95. h6 Kd7 96. h7 Ke7 97. h8=Q Kd6 98. Qd4+ Ke6 99. Qc6+ Ke7 100. Bb4# 1-0


[Site "https://www.chess.com"]

[Event "Titled Tuesday Blitz June 6 Early 2023"]
[White "Mrithyunjay Mahadevan"]
[Black "Marchesich, Giovanni"]
[WhiteFideId "45003521"]
[BlackFideId "2824790"]
[WhiteElo "1626"]
[BlackElo "2213"]
[Result "1-0"]
[Round "6"]
[TimeControl "180+2"]
[Date "2023.06.06"]
[WhiteClock "0:01:49"]
[BlackClock "0:01:34"]
[Board "139"]

1. e4 e5 2. Nf3 d5 3. exd5 e4 4. Qe2 Nf6 5. d3 Bb4+ 6. Bd2 O-O 7. dxe4 Re8 8. e5 Nxd5 9. Bxb4 Nxb4 10. Na3 N8c6 11. c3 Bg4 12. Nc4 b5 13. Ne3 Bxf3 14. gxf3 Na6 15. f4 Rb8 16. Bg2 Na5 17. Be4 Nc5 18. Bc2 Qh4 19. Qg4 Qxg4 20. Nxg4 f6 21. Rg1 Kf7 22. b4 h5 23. Ne3 fxe5 24. Bg6+ 1-0


[Site "https://www.chess.com"]

[Event "Titled Tuesday Blitz June 6 Early 2023"]
[White "mohsengabr2002"]
[Black "Tomaszewski, Kacper"]
[BlackFideId "1127373"]
[WhiteElo "2242"]
[BlackElo "2211"]
[Result "0-1"]
[Round "6"]
[TimeControl "180+2"]
[Date "2023.06.06"]
[WhiteClock "0:01:33"]
[BlackClock "0:01:38"]
[Board "140"]

1. e4 d6 2. d4 Nf6 3. Nc3 e5 4. Nge2 Nc6 5. d5 Ne7 6. Bg5 Ng6 7. Bxf6 Qxf6 8. g3 Be7 9. Bg2 O-O 10. h4 Bd8 11. h5 Nh8 12. h6 g6 13. Qd2 c5 14. Bh3 a6 15. Bxc8 Rxc8 16. a4 Ba5 17. Kf1 Qe7 18. Kg2 f5 19. f3 fxe4 20. fxe4 Nf7 21. Qe3 Qg5 22. Qxg5 Nxg5 23. Raf1 Rxf1 24. Rxf1 Bxc3 25. Nxc3 Rf8 26. Rxf8+ Kxf8 27. a5 Nf7 28. Nd1 Nxh6 29. Ne3 Nf7 30. c3 Ke7 31. b4 cxb4 32. cxb4 Ng5 33. b5 Nxe4 34. bxa6 bxa6 35. Nc2 Nc5 36. Nb4 Kf6 37. Kf3 e4+ 38. Kf4 g5+ 39. Kg4 Kg6 40. Kh3 h5 41. Kg2 Kf5 42. Kf2 h4 43. gxh4 gxh4 44. Nc2 Kf4 45. Nd4 Ke5 46. Ne6 Nxe6 0-1


[Site "https://www.chess.com"]

[Event "Titled Tuesday Blitz June 6 Early 2023"]
[White "Dushyant Sharma"]
[Black "Samaganova, Aleksandra"]
[WhiteFideId "25065130"]
[BlackFideId "13800221"]
[WhiteElo "2198"]
[BlackElo "1858"]
[Result "1-0"]
[Round "6"]
[TimeControl "180+2"]
[Date "2023.06.06"]
[WhiteClock "0:01:07"]
[BlackClock "0:00:04"]
[Board "141"]

1. e4 c5 2. Nf3 e6 3. d4 cxd4 4. Nxd4 a6 5. Nc3 Qc7 6. f4 b5 7. Bd3 Bb7 8. Be3 Nf6 9. a3 Nc6 10. e5 Nxd4 11. exf6 Nc6 12. fxg7 Bxg7 13. Qd2 d5 14. Bc5 Ne7 15. b4 Ng6 16. O-O f5 17. Rae1 Kf7 18. Ne2 Rhe8 19. Nd4 Bc8 20. g3 Bd7 21. Nf3 Kg8 22. Re2 a5 23. Rfe1 axb4 24. axb4 Qc6 25. h4 Qb7 26. h5 Nf8 27. Ng5 h6 28. Bxf8 Bxf8 29. Nxe6 Bxe6 30. Rxe6 Rxe6 31. Rxe6 Qf7 32. Re5 Kh7 33. Rxf5 Qa7+ 34. Kg2 Kh8 35. Rxd5 Bg7 36. Rxb5 Qd7 37. Qf2 Rc8 38. Qf3 Qc6 39. Qxc6 Rxc6 40. Rb8+ Bf8 41. Rxf8+ Kg7 1-0


[Site "https://www.chess.com"]

[Event "Titled Tuesday Blitz June 6 Early 2023"]
[White "Horak, Martin"]
[Black "campochess"]
[WhiteFideId "367095"]
[WhiteElo "2091"]
[BlackElo "2166"]
[Result "1-0"]
[Round "6"]
[TimeControl "180+2"]
[Date "2023.06.06"]
[WhiteClock "0:00:49"]
[BlackClock "0:01:33"]
[Board "142"]

1. e4 c5 2. Nf3 Nc6 3. Bb5 e6 4. O-O Nge7 5. Re1 a6 6. Bf1 d5 7. exd5 Nxd5 8. d4 cxd4 9. Nxd4 Nxd4 10. Qxd4 Be7 11. Qxg7 Bf6 12. Qg3 Bd7 13. a3 Qc7 14. c4 Qxg3 15. hxg3 Ne7 16. Nd2 O-O 17. Ne4 Bg7 18. Bg5 Nf5 19. Nf6+ Bxf6 20. Bxf6 Rfc8 21. Rad1 Ba4 22. Rd2 Bb3 23. g4 Ng7 24. Re5 h6 25. g5 Ne8 26. Rd4 Nxf6 27. gxf6 Kh7 28. Bd3+ Kh8 29. Rh5 e5 30. Rxh6+ Kg8 31. Rg4+ 1-0


[Site "https://www.chess.com"]

[Event "Titled Tuesday Blitz June 6 Early 2023"]
[White "Lakshmi C"]
[Black "KorolDimitriy75"]
[WhiteFideId "25035347"]
[WhiteElo "1942"]
[BlackElo "2454"]
[Result "0-1"]
[Round "6"]
[TimeControl "180+2"]
[Date "2023.06.06"]
[WhiteClock "0:00:02"]
[BlackClock "0:00:33"]
[Board "143"]

1. e4 c5 2. Nf3 d6 3. d4 cxd4 4. Nxd4 Nf6 5. Nc3 g6 6. Be2 Bg7 7. O-O O-O 8. Nb3 Nc6 9. Bg5 a6 10. a4 Be6 11. Kh1 Rc8 12. f4 Na5 13. Nd5 Nxb3 14. cxb3 Nxd5 15. exd5 Bf5 16. Bd3 Bxd3 17. Qxd3 Bxb2 18. Rae1 Bf6 19. Bh6 Re8 20. f5 Rc3 21. Qb1 Qc8 22. Bd2 Rc2 0-1


[Site "https://www.chess.com"]

[Event "Titled Tuesday Blitz June 6 Early 2023"]
[White "Torres Dominguez, David"]
[Black "Dinu, Dumitru-Daniel"]
[WhiteFideId "2220857"]
[BlackFideId "1208403"]
[WhiteElo "1999"]
[BlackElo "2240"]
[Result "1-0"]
[Round "6"]
[TimeControl "180+2"]
[Date "2023.06.06"]
[WhiteClock "0:00:11"]
[BlackClock "0:00:02"]
[Board "144"]

1. e4 c6 2. Nf3 d5 3. d3 dxe4 4. dxe4 Qxd1+ 5. Kxd1 Nf6 6. Nfd2 g5 7. f3 h5 8. Nb3 Bh6 9. a4 g4 10. Bc4 Bxc1 11. Nxc1 Nbd7 12. Nd3 Nb6 13. Bb3 a5 14. Ke2 Rg8 15. Kf2 Bd7 16. Nd2 Rg7 17. Ne5 Be6 18. Bxe6 fxe6 19. f4 O-O-O 20. Ke3 Rxd2 21. Kxd2 Nxe4+ 22. Ke3 Nd6 23. b3 Nf5+ 24. Kf2 Nd5 25. g3 Nc3 26. Rae1 Rg8 27. Nc4 Rd8 28. Rxe6 Nd1+ 29. Ke2 Nd4+ 30. Kxd1 Nxe6+ 31. Kc1 Nd4 32. Re1 Rd7 33. Nxa5 Nf3 34. Re2 h4 35. gxh4 Rd4 36. Rxe7 Rxf4 37. Nc4 Nxh2 38. Rg7 Nf3 39. h5 Nd4 40. h6 Rf1+ 41. Kd2 Rh1 42. h7 Nf3+ 43. Ke3 Ng5 44. Rg8+ 1-0


[Site "https://www.chess.com"]

[Event "Titled Tuesday Blitz June 6 Early 2023"]
[White "Aung Thant Zin"]
[Black "Srdanovic, Jovana"]
[WhiteFideId "13000063"]
[BlackFideId "954810"]
[WhiteElo "2278"]
[BlackElo "2155"]
[Result "0-1"]
[Round "6"]
[TimeControl "180+2"]
[Date "2023.06.06"]
[WhiteClock "0:00:03"]
[BlackClock "0:01:03"]
[Board "145"]

1. e4 c5 2. Nf3 Nc6 3. Bb5 g6 4. O-O Bg7 5. c3 Nf6 6. Re1 O-O 7. d4 cxd4 8. cxd4 d5 9. e5 Ne4 10. Nbd2 Nxd2 11. Bxd2 Bd7 12. Bxc6 Bxc6 13. Rc1 Qb6 14. b3 a5 15. Be3 a4 16. Rc3 axb3 17. axb3 Ra3 18. Nd2 Rfa8 19. h4 Qb4 20. Rc1 Ra2 21. h5 e6 22. h6 Bf8 23. Nb1 Rb2 24. Nd2 Raa2 25. Nf3 Rxb3 26. Ng5 Rbb2 27. Qf3 Qe7 28. Qh3 Ra3 29. Ra1 Rba2 30. Rxa2 Rxa2 31. Rc1 Ra3 32. Rb1 Ra2 33. Nf3 Qa3 0-1


[Site "https://www.chess.com"]

[Event "Titled Tuesday Blitz June 6 Early 2023"]
[White "Baraeva, Irina"]
[Black "Toczek, Grzegorz"]
[WhiteFideId "24142565"]
[BlackFideId "1106457"]
[WhiteElo "2085"]
[BlackElo "2093"]
[Result "1-0"]
[Round "6"]
[TimeControl "180+2"]
[Date "2023.06.06"]
[WhiteClock "0:00:23"]
[BlackClock "0:00:26"]
[Board "146"]

1. d4 c6 2. c4 d6 3. Nc3 Nf6 4. e4 e5 5. Nf3 Nbd7 6. Be2 Be7 7. O-O O-O 8. Be3 Re8 9. Qc2 exd4 10. Nxd4 Nc5 11. f3 Bf8 12. Rad1 d5 13. cxd5 cxd5 14. Ndb5 a6 15. Nxd5 axb5 16. Bxc5 Bxc5+ 17. Qxc5 Nxd5 18. Rxd5 Qa5 19. Bxb5 Rf8 20. a4 Be6 21. Rd6 Rac8 22. Qd4 Rfd8 23. Rd1 Rxd6 24. Qxd6 h5 25. b4 Qa7+ 26. Qd4 Qb8 27. a5 Qf4 28. e5 Qg5 29. Bf1 h4 30. f4 Qg4 31. h3 Qg3 32. Qf2 Qc3 33. f5 Bb3 34. Re1 Re8 35. f6 Rxe5 36. Rxe5 Qxe5 37. fxg7 Qg5 38. Qd4 Be6 39. b5 Bxh3 40. a6 bxa6 41. bxa6 Be6 42. a7 Bd5 43. Kf2 Qg3+ 44. Ke2 Bxg2 45. Bxg2 Qxg2+ 46. Kd3 f6 47. Qd8+ Kxg7 48. a8=Q Qf1+ 49. Kd4 Qd1+ 50. Kc5 Qc2+ 51. Kd6 Qd2+ 52. Qd5 Qf4+ 53. Ke7 Qe3+ 54. Qe6 Qa7+ 55. Qdd7 Qa3+ 56. Ke8+ Kg6 57. Qdf7+ Kg5 58. Qexf6+ Kg4 59. Q7g6+ Kh3 60. Qff5+ Kh2 61. Qf2+ Kh3 62. Qfg2# 1-0


[Site "https://www.chess.com"]

[Event "Titled Tuesday Blitz June 6 Early 2023"]
[White "Jiganchine, Roman"]
[Black "Bas Mas, Jose Joaquin"]
[WhiteFideId "2603667"]
[BlackFideId "22219064"]
[WhiteElo "2296"]
[BlackElo "2212"]
[Result "0-1"]
[Round "6"]
[TimeControl "180+2"]
[Date "2023.06.06"]
[WhiteClock "0:00:05"]
[BlackClock "0:01:45"]
[Board "147"]

1. e4 e6 2. d4 d5 3. Nd2 Nf6 4. Bd3 c5 5. c3 Nc6 6. Ngf3 cxd4 7. cxd4 Qb6 8. O-O dxe4 9. Nxe4 Be7 10. Re1 O-O 11. h4 h6 12. a3 Rd8 13. Be3 Nd5 14. Qe2 Nxe3 15. fxe3 Bd7 16. Rad1 a5 17. Bb1 Be8 18. Ng3 Rac8 19. Qd3 f5 20. Ba2 Bf7 21. Rf1 Qxb2 22. Rf2 Qxa3 23. Qb5 Qb4 24. Qf1 Qd6 25. Rb2 Qxg3 26. Rxb7 Rc7 27. Rxc7 Qxc7 28. d5 exd5 29. Nd4 Nxd4 30. Rxd4 Bf6 31. Rd1 d4 32. Rc1 Qe7 33. Bxf7+ Qxf7 0-1


[Site "https://www.chess.com"]

[Event "Titled Tuesday Blitz June 6 Early 2023"]
[White "Khromkin, Andrey"]
[Black "Chuemsakul, Sarocha"]
[WhiteFideId "4154126"]
[BlackFideId "6203710"]
[WhiteElo "2449"]
[BlackElo "1686"]
[Result "1-0"]
[Round "6"]
[TimeControl "180+2"]
[Date "2023.06.06"]
[WhiteClock "0:02:35"]
[BlackClock "0:01:59"]
[Board "148"]

1. d4 Nf6 2. c4 g6 3. Nf3 Bg7 4. Nc3 d6 5. g3 O-O 6. Bg2 c5 7. O-O Nc6 8. dxc5 dxc5 9. Be3 Nd7 10. Qc1 e6 11. Rd1 Qe7 12. Bh6 Rb8 13. Bxg7 Kxg7 14. Ne4 Nf6 15. Qc3 h6 16. e3 b6 17. Rd2 Bb7 18. Rd7 Qxd7 19. Nxf6 Qe7 20. Nh5+ Kh7 21. Qg7# 1-0


[Site "https://www.chess.com"]

[Event "Titled Tuesday Blitz June 6 Early 2023"]
[White "Balla, Tamas-Kristof"]
[Black "Palacio,Igor Da Paz"]
[WhiteFideId "1208497"]
[BlackFideId "2121140"]
[WhiteElo "2334"]
[BlackElo "2126"]
[Result "1-0"]
[Round "6"]
[TimeControl "180+2"]
[Date "2023.06.06"]
[WhiteClock "0:00:03"]
[BlackClock "0:00:02"]
[Board "149"]

1. e4 c5 2. Nf3 d6 3. d4 cxd4 4. Qxd4 Bd7 5. c4 Nc6 6. Qe3 Nf6 7. h3 e6 8. Nc3 Be7 9. Be2 O-O 10. O-O a6 11. Rd1 Qc7 12. b3 Rfd8 13. Bb2 Rac8 14. Rac1 Qb8 15. a3 Na5 16. Na2 b5 17. cxb5 Bxb5 18. Rxc8 Rxc8 19. Nb4 Bxe2 20. Qxe2 Nxb3 21. Nxa6 Qb7 22. e5 dxe5 23. Nxe5 h6 24. Nb4 Nc5 25. Ng4 Ncd7 26. Nd3 Nxg4 27. Qxg4 Bf6 28. Bxf6 Nxf6 29. Qg3 Qb3 30. Qf3 Rc3 31. Qe2 Qxa3 32. Ne5 Rc1 33. Nf3 Qa1 34. Rxc1 Qxc1+ 35. Kh2 Qc7+ 36. g3 Qc6 37. Ne5 Qe4 38. Qb2 Qf5 39. Nc4 Nd5 40. Nd6 Qf3 41. Ne8 Qf5 42. Qxg7# 1-0


[Site "https://www.chess.com"]

[Event "Titled Tuesday Blitz June 6 Early 2023"]
[White "Szyszylo, Rafal"]
[Black "Levitan, Caleb Levi"]
[WhiteFideId "1109626"]
[BlackFideId "14332620"]
[WhiteElo "1951"]
[BlackElo "1963"]
[Result "0-1"]
[Round "6"]
[TimeControl "180+2"]
[Date "2023.06.06"]
[WhiteClock "0:00:01"]
[BlackClock "0:00:02"]
[Board "150"]

1. e4 e5 2. Bc4 Nf6 3. Nc3 Nc6 4. d3 Bc5 5. f4 d6 6. f5 Na5 7. Bg5 c6 8. Qf3 h6 9. Bh4 Nxc4 10. dxc4 Qb6 11. O-O-O a5 12. Na4 Qb4 13. Nxc5 Qxc5 14. Bf2 Qxc4 15. Rxd6 Qxa2 16. Qd3 O-O 17. Bh4 Ne8 18. Rd8 Qa1+ 19. Kd2 Qxb2 20. Be7 b6 21. Bxf8 Ba6 22. Qd7 Rxd8 23. Qxd8 Kxf8 24. Nf3 Qb4+ 25. Ke3 Qc3+ 26. Kf2 Qxc2+ 27. Kg3 Qxe4 28. Qd2 Qxf5 29. Re1 e4 30. Nd4 Qe5+ 31. Kf2 c5 32. Nf3 Qf5 33. Qe3 Nf6 0-1


[Site "https://www.chess.com"]

[Event "Titled Tuesday Blitz June 6 Early 2023"]
[White "Schuh, Karsten"]
[Black "Antonio, Jorge Carlos"]
[WhiteFideId "4637950"]
[BlackFideId "113190"]
[WhiteElo "2177"]
[BlackElo "2247"]
[Result "1/2-1/2"]
[Round "6"]
[TimeControl "180+2"]
[Date "2023.06.06"]
[WhiteClock "0:00:12"]
[BlackClock "0:00:44"]
[Board "151"]

1. Nf3 d5 2. c4 c6 3. b3 Nf6 4. Bb2 Bf5 5. g3 e6 6. Bg2 Be7 7. O-O O-O 8. d3 dxc4 9. bxc4 Nbd7 10. Nbd2 Rc8 11. Qc2 c5 12. Rfb1 b6 13. Re1 Nb8 14. Ne5 Nfd7 15. Ndf3 Nxe5 16. Nxe5 Bf6 17. Qb3 Bxe5 18. Bxe5 Nc6 19. Bc3 Nd4 20. Qb2 Bg6 21. Rad1 f6 22. a4 Nc6 23. Ra1 a5 24. Bh3 Bf7 25. Rad1 Nb4 26. Bg2 e5 27. h4 h6 28. Rf1 Rc7 29. Be4 Rd7 30. f4 exf4 31. Rxf4 Rd6 32. Rdf1 Qe8 33. R1f2 Bg6 34. Kh2 Bxe4 35. Rxe4 Re6 36. Rxe6 Qxe6 37. Qd2 Re8 38. Qf4 Qe3 39. Qf5 Qe6 40. Qf4 Qe3 41. Qf5 Qe6 42. Qf4 1/2-1/2


[Site "https://www.chess.com"]

[Event "Titled Tuesday Blitz June 6 Early 2023"]
[White "ZeGood_ZeBad_ZeUgly"]
[Black "Begunov, Konstantin"]
[BlackFideId "4118510"]
[WhiteElo "2216"]
[BlackElo "1993"]
[Result "0-1"]
[Round "6"]
[TimeControl "180+2"]
[Date "2023.06.06"]
[WhiteClock "0:00:01"]
[BlackClock "0:00:15"]
[Board "152"]

1. Nf3 d5 2. g3 c6 3. Bg2 Bg4 4. O-O Nd7 5. d3 e5 6. e4 dxe4 7. dxe4 Bc5 8. Nbd2 Qe7 9. Nb3 Bb6 10. Qe2 f6 11. a4 Nc5 12. Nxc5 Bxc5 13. c3 a5 14. h3 Bh5 15. Rd1 Qe6 16. Bd2 Qb3 17. g4 Bf7 18. Be3 Qb6 19. Bxc5 Qxc5 20. g5 Ne7 21. b4 Qxc3 22. Rac1 Qb3 23. Rb1 Qc4 24. Qxc4 Bxc4 25. bxa5 Ba6 26. Rd6 Rd8 27. Rbd1 Rxd6 28. Rxd6 Kf7 29. h4 Re8 30. Bh3 Ng6 31. Bf5 Nf4 32. Nh2 fxg5 33. hxg5 g6 34. Bd7 Rd8 35. Be6+ Ke7 36. Rxd8 Kxd8 37. Bg8 Nh3+ 38. Kg2 Nxg5 39. f3 Ke7 40. Ng4 Kd6 41. Bb3 Be2 42. Kf2 Bxf3 43. Nf6 Nxe4+ 44. Nxe4+ Bxe4 45. Bg8 h5 46. Bh7 Bf5 47. Kg3 Kc5 48. Bg8 Kb4 49. a6 bxa6 0-1


[Site "https://www.chess.com"]

[Event "Titled Tuesday Blitz June 6 Early 2023"]
[White "Chemin, Justo Reinaldo"]
[Black "Sovetbekova, Nurai"]
[WhiteFideId "2101580"]
[BlackFideId "13801910"]
[WhiteElo "1940"]
[BlackElo "1857"]
[Result "0-1"]
[Round "6"]
[TimeControl "180+2"]
[Date "2023.06.06"]
[WhiteClock "0:00:01"]
[BlackClock "0:00:02"]
[Board "153"]

1. d4 Nf6 2. Nf3 e6 3. Bf4 d5 4. e3 c5 5. c3 Nc6 6. Nbd2 Nh5 7. Bg3 Qb6 8. Rb1 Nxg3 9. hxg3 Be7 10. Bd3 h6 11. Qe2 Bf6 12. dxc5 Qxc5 13. e4 O-O 14. g4 d4 15. Nb3 Qd6 16. cxd4 Nxd4 17. Nbxd4 Bxd4 18. e5 Qb4+ 19. Kf1 Bb6 20. g5 Bd7 21. gxh6 g6 22. Rh4 Qc5 23. b4 Qe7 24. h7+ Kh8 25. Qd2 Bc6 26. Qg5 Qxg5 27. Nxg5 Rad8 28. Be4 Rd2 29. Rf4 Bb5+ 30. Kg1 Bc4 31. Bxg6 Rxf2 32. Rxf2 fxg6 33. Nf3 Bxf2+ 34. Kxf2 Kxh7 35. Rc1 Bd5 36. Rc7+ Kh6 37. Ke3 g5 38. Nd4 Rf1 39. Re7 Re1+ 40. Kf2 Rxe5 41. Nb5 Rf5+ 42. Ke3 Kg6 43. Nd6 Re5+ 44. Kd4 Re1 45. Nxb7 Bxb7 46. Rxb7 e5+ 47. Kd3 e4+ 48. Kd2 Rb1 49. a4 a5 50. b5 Kf5 51. Rf7+ Kg4 52. Ke3 Re1+ 53. Kf2 Rb1 54. Re7 Rb4 55. Ke3 Rxa4 0-1


[Site "https://www.chess.com"]

[Event "Titled Tuesday Blitz June 6 Early 2023"]
[White "Hoffmann, Asa"]
[Black "Butolo, Alexandru-Mircea"]
[WhiteFideId "2001470"]
[BlackFideId "1261649"]
[WhiteElo "2117"]
[BlackElo "1850"]
[Result "1/2-1/2"]
[Round "6"]
[TimeControl "180+2"]
[Date "2023.06.06"]
[WhiteClock "0:01:01"]
[BlackClock "0:00:01"]
[Board "154"]

1. d4 Nf6 2. Bg5 Ne4 3. Bf4 d5 4. f3 Nf6 5. e4 dxe4 6. Nc3 exf3 7. Nxf3 Bg4 8. h3 Bh5 9. g4 Bg6 10. Ne5 Nbd7 11. Bg2 c6 12. h4 h5 13. Nxg6 fxg6 14. g5 Nd5 15. Bd2 Qc7 16. Qf3 e6 17. O-O O-O-O 18. Rae1 Bd6 19. Rxe6 Rhf8 20. Nxd5 Rxf3 21. Nxc7 Rxf1+ 22. Bxf1 Kxc7 23. Rxg6 Rg8 24. Bd3 Nf8 25. Bc4 Nxg6 26. Bxg8 Nxh4 27. Kf2 Nf5 28. c3 h4 29. Be6 Ng3 30. Kg2 Ne4 31. Be1 Nxg5 32. Bxh4 Nxe6 33. Kf3 g5 34. Be1 Nf4 35. Kg4 Nd3 36. Bd2 Be7 37. b3 Nf2+ 38. Kf3 Nh3 39. Kg3 Nf4 40. Kg4 Kd6 41. c4 a6 42. Kf5 Ne2 43. Be3 Nc3 44. a4 a5 45. Bd2 Ne2 46. Ke4 Ng3+ 47. Kf3 Nf5 48. Ke4 Ng7 49. Bxa5 Kd7 50. Bd2 Ne6 51. d5 cxd5+ 52. Kxd5 Nc5 53. b4 Nxa4 54. c5 Nb2 55. b5 Nd3 56. c6+ bxc6+ 57. bxc6+ Kc7 58. Ba5+ Kc8 59. Ke6 Bd8 60. Bd2 g4 61. Kf5 g3 62. Be3 g2 63. Ke4 Ne1 64. Ke5 Kc7 65. Kd5 Bg5 66. Bg1 Nd3 67. Ke4 Ne1 68. Kf5 Bd2 69. Kg4 Kxc6 70. Kh3 Kd5 71. Bf2 Ke4 72. Bg1 Kf3 73. Kh4 Be3 74. Bh2 g1=Q 75. Bxg1 Bxg1 76. Kh3 Be3 77. Kh4 Kf4 78. Kh3 Nf3 79. Kg2 Nd2 80. Kh3 Bg1 81. Kg2 Bd4 82. Kh3 Kf3 83. Kh2 Nf1+ 84. Kh1 Ng3+ 85. Kh2 Ne4 86. Kh3 1/2-1/2


[Site "https://www.chess.com"]